 Dungeon Crawl Stone Soup version 0.27-a0-1177-g245c70e1c0 (webtiles) character file.

Game seed: 1367378450695422897

23 bilbop the Magician (level 3, -1/26 HPs)
             Began as a Djinni Venom Mage on May 16, 2021.
             Slain by a hobgoblin (2 damage)
             ... on level 1 of the Dungeon.
             The game lasted 00:02:49 (1078 turns).

bilbop the Magician (Djinni Venom Mage)             Turns: 1078, Time: 00:02:49

Health: -1/26      AC:  2    Str: 13    XL:     3   Next: 12%
Gold:   36         EV: 12    Int: 16    God:
                   SH:  0    Dex: 14

rFire    + + .     SeeInvis .   h - +0 dagger
rCold    x . .     Faith    .   (no shield)
rNeg     . . .     Spirit   .   a - +0 robe
rPois    ∞         Reflect  .   (no helmet)
rElec    .         Harm     .   (no cloak)
rCorr    .         Rampage  .   (no gloves)
Will     .....                  (boots unavailable)
Stlth    ++........             (no amulet)
HPRegen  0.08/turn              c - +6 ring of strength
MPRegen  0.00/turn              (no ring)

@: flying
A: sickness immunity, fire resistance 2, cold vulnerability 1, float, innate
caster, hp casting, extra vitality 1
a: no special abilities


You were on level 1 of the Dungeon.
You visited 1 branch of the dungeon, and saw 1 of its levels.

You collected 36 gold pieces.

Inventory:

Hand Weapons
 g - a +0 whip
 h - a +0 dagger (weapon)
Armour
 a - a +0 robe (worn)
Jewellery
 c - a +6 ring of strength (left hand)
Scrolls
 b - a scroll of noise {unknown}
 d - a scroll of identify {unknown}
 f - a scroll of torment {unknown}
Potions
 e - a potion of curing {unknown}


   Skills:
 + Level 0.8 Fighting
 + Level 0.5 Short Blades
 - Level 2.1 Dodging
 + Level 1.8 Stealth
 * Level 2.7 Spellcasting
 + Level 0.9 Invocations


You couldn't memorise any spells.
You knew the following spells:

 Your Spells              Type           Power      Damage    Failure   Level
a - Sting                 Tmut/Pois      40%        1d5       6%          1
b - Poisonous Vapours     Pois/Air       20%        N/A       10%         2
c - Mephitic Cloud        Conj/Pois/Air  10%        N/A       19%         3
d - Ignite Poison         Fire/Tmut/Pois 10%        N/A       19%         3
e - Olgreb's Toxic Radia  Pois           10%        N/A       54%         4
f - Shock                 Conj/Air       40%        1d5       6%          1
Your spell library was empty.

Dungeon Overview and Level Annotations

Branches:
Dungeon (1/15)

Altars:

Shops:
D:1 *


Innate Abilities, Weirdness & Mutations

You are immune to sickness and miasma.
You are immune to poison.
Your flesh is very heat resistant. (rF++)
You are vulnerable to cold. (rC-)
You float through the air rather than walking.
You learn spells naturally, not from books.
Your magical power is your life essence.
You have superior vitality. (+4 HP)


Message History

The hobgoblin barely misses you.
You hit the hobgoblin but do no damage.
The hobgoblin is moderately wounded.
The hobgoblin hits you.
* * * LOW HITPOINT WARNING * * *
You barely miss the hobgoblin.
The hobgoblin is moderately wounded.
The hobgoblin hits you.
* * * LOW HITPOINT WARNING * * *
You closely miss the hobgoblin.
The hobgoblin is moderately wounded.
The hobgoblin closely misses you.
You closely miss the hobgoblin.
The hobgoblin is moderately wounded.
The hobgoblin barely misses you.
You hit the hobgoblin.
The hobgoblin is heavily wounded.
The hobgoblin closely misses you.
You hit the hobgoblin but do no damage.
The hobgoblin is heavily wounded.
The hobgoblin misses you.
You hit the hobgoblin.
The hobgoblin is almost dead.
The hobgoblin barely misses you.
You hit the hobgoblin but do no damage.
The hobgoblin is almost dead.
The hobgoblin barely misses you.
You closely miss the hobgoblin.
The hobgoblin is severely wounded.
The hobgoblin barely misses you.
You closely miss the hobgoblin.
The hobgoblin is severely wounded.
The hobgoblin barely misses you.
You barely miss the hobgoblin.
The hobgoblin is severely wounded.
The hobgoblin hits you but does no damage.
You hit the hobgoblin but do no damage.
The hobgoblin is severely wounded.
The hobgoblin hits you.
You die...

######## #......# #
#.>....# ## #....>.####
.######### #..@.......
...∩.....# #..g.......
#....###.## #..........
####...#..####).........
###.##...............
#......#^.#####....
#...#####.... ...#
#.)..# ##..#.. #.#
##.##.# .## #.#


You could see a hobgoblin.

Vanquished Creatures
  4 endoplasms (D:1)
  2 goblins (D:1)
  A hobgoblin (D:1)
  4 jackals (D:1)
  2 kobolds (D:1)
  2 quokkas (D:1)
  A bat (D:1)
  4 rats (D:1)
20 creatures vanquished.

Notes
Turn   | Place    | Note
-------+----------+-------------------------------------------
     0 | D:1      | bilbop the Djinni Venom Mage began the quest for the Orb.
     0 | D:1      | Reached XP level 1. HP: 15/15 MP: 0/0
   294 | D:1      | Reached XP level 2. HP: 13/21 MP: 0/0
  1024 | D:1      | Found Poluidir's Assorted Antiques.
  1037 | D:1      | Reached XP level 3. HP: 26/26 MP: 0/0
  1037 | D:1      | Learned a level 1 spell: Shock
  1068 | D:1      | HP: 1/26 [hobgoblin (3)]
  1078 | D:1      | Slain by a hobgoblin

Illustrated notes

Levels and vault maps discovered:
D:1:      saegor_arrival_simple_b, layout_rooms, serial_shops, shop

Action                   || total
-------------------------++-------
Melee: Unarmed           ||     5
       Dagger            ||    27
 Cast: Sting             ||    34
 Stab: Sleeping          ||     2
Armor: Robe              ||     8
Dodge: Dodged            ||    31

Table legend: (Time is in decaauts)
 A = Elapsed time spent in this place.
 B = Non-inter-level travel time spent in this place.
 C = Inter-level travel time spent in this place.
 D = Time resting spent in this place.
 E = Time spent auto-exploring this place.
 F = Levels seen in this place.
 G = Mean time per level.
                   A        B        C        D        E       F      G
               +--------+--------+--------+--------+--------+-----+--------+
         Total |   1076 |   1070 |      6 |    311 |    629 |   1 | 1076.0 |
       Dungeon |   1076 |   1070 |      6 |    311 |    629 |   1 | 1076.0 |
               +--------+--------+--------+--------+--------+-----+--------+

Top non-repeatable levels by time:
     D:1: 1076 daAuts
